 Dungeon Crawl Stone Soup version 0.26.1-11-gd32895ea62 (webtiles) character file.

Game seed: 1610839102951276755

220 nightchill the Skirmisher (level 6, -2/49 HPs)
             Began as a Formicid Abyssal Knight on Apr 13, 2021.
             Was a Priest of Lugonu.
             Killed by divine providence
             ... invoked by an orc priest
              (9 damage)
             ... on level 4 of the Dungeon.
             The game lasted 00:05:36 (3603 turns).

nightchill the Skirmisher (Formicid Abyssal Knight) Turns: 3603, Time: 00:05:37

Health: -2/49      AC: 10    Str: 19    XL:     6   Next: 18%
Magic:  8/8        EV:  9    Int: 11    God:    Lugonu [***...]
Gold:   144        SH:  0    Dex: 10    Spells: 5/5 levels left

rFire    . . .     SeeInvis +   g - +1 whip (elec)
rCold    . . .     Faith    .   (no shield)
rNeg     . . .     Spirit   .   n - +1 scale mail {Will+}
rPois    .         Reflect  .   (helmet unavailable)
rElec    .         Harm     .   (no cloak)
rCorr    .         Rampage  .   f - +2 pair of gloves
Will     +....                  (no boots)
Stlth    ..........             (no amulet)
HPRegen  0.16/turn              (no ring)
MPRegen  0.11/turn              (no ring)

@: no status effects
A: permanent stasis, dig shafts and tunnels, four strong arms, antennae 3
a: Dig, Shaft Self, Renounce Religion, Depart the Abyss, Bend Space, Banish


You were on level 4 of the Dungeon.
You worshipped Lugonu.
Lugonu was most pleased with you.
You visited 1 branch of the dungeon, and saw 4 of its levels.
You visited the Abyss 1 time.

You collected 144 gold pieces.

Inventory:

Hand Weapons
 a - a +1 hand axe
 g - a +1 whip of electrocution (weapon)
 p - a +0 morningstar
Missiles
 e - 5 atropa-tipped darts
Armour
 b - a +0 leather armour
 f - a +2 pair of gloves (worn)
 i - a +0 ring mail
 n - a +1 scale mail of willpower (worn)
Scrolls
 c - 8 scrolls of identify {unknown}
 d - a scroll of remove curse {unknown}
 k - a scroll of magic mapping {unknown}
 l - a scroll of enchant armour {unknown}
 m - a scroll of fear {unknown}
Potions
 h - a potion of lignification {unknown}
 j - a potion of haste {unknown}
 o - a potion of curing {unknown}


   Skills:
 + Level 4.5 Fighting
 - Level 4.0(4.2) Axes
 * Level 1.6(3.0) Maces & Flails
 - Level 2.1 Armour
 - Level 0.8 Dodging
 + Level 3.9 Invocations


You had 5 spell levels left.
You didn't know any spells.
Your spell library was empty.

Dungeon Overview and Level Annotations

Branches:
Dungeon (4/15)
 Temple: D:4-7

Altars:
Gozag
Trog
Wu Jian

Shops:
D:2 *

Annotations:
D:4 1 runed translucent door, Crazy Yiuf


Innate Abilities, Weirdness & Mutations

You cannot be hasted, slowed, berserked, paralysed or teleported.
You can dig through walls and to a lower floor.
Your four strong arms can wield two-handed weapons with a shield.
You have a pair of large antennae on your head. (SInv)


Message History

The orc priest is severely wounded.
The orc priest hits you but does no damage.
You hit the orc priest but do no damage.
The orc priest is severely wounded.
The orc priest hits you but does no damage.
You barely miss the orc priest.
The orc priest is severely wounded.
The orc priest hits you with a +0 club.
* * * LOW HITPOINT WARNING * * *
You barely miss the orc priest.
The orc priest is severely wounded.
You hit the orc priest but do no damage.
The orc priest is severely wounded.
The orc priest invokes the aid of Beogh against you.
You resist with some effort.
You barely miss the orc priest.
The orc priest is severely wounded.
The orc priest invokes the aid of Beogh against you.
Beogh smites you!
You die...

...##....##....<....##
#.......###..##....##
##.......###...#....###
....##....###.##.#....##
.....##...##..####.....#
...............##.....##
..........#.##.#......###
........#####
..........## ..#.##.oo@#
.......#..... ## ##o###
........###...
##l{{##.....#...# ###.
#..{.....#..##.. ##.#.
........##..##... #.
#.).< ..#...### ...#
#.##. #... ..## {#...†
.... ..# ........ .....{
#.# #+###...


You could see an orc priest, 2 orcs and a frilled lizard.

Vanquished Creatures
  An orc priest (D:3)
  An iguana (D:4)
  Terence (D:2)
  3 adders
  3 gnolls (D:3)
  An adder skeleton (D:4)
  3 dart slugs
  A leopard gecko (D:1)
  6 orcs
  2 ball pythons (D:3)
  8 bats
  6 giant cockroaches
  7 hobgoblins
  A quokka (D:3)
  4 frilled lizards
  13 goblins
  6 kobolds
  A quokka skeleton (D:4)
  3 rats
71 creatures vanquished.

Notes
Turn   | Place    | Note
-------+----------+-------------------------------------------
     0 | Abyss:1  | nightchill the Formicid Abyssal Knight began the quest for
                  | the Orb.
     0 | Abyss:1  | Reached XP level 1. HP: 18/18 MP: 2/2
    15 | D:1      | Escaped the Abyss
   112 | D:1      | Reached XP level 2. HP: 24/24 MP: 3/3
   404 | D:1      | Reached XP level 3. HP: 29/29 MP: 4/4
   484 | D:1      | Reached ** piety under Lugonu
   938 | D:2      | Found Gozag's Platinum Reserve.
   940 | D:2      | Found an opulent altar of Gozag.
  1344 | D:2      | Reached XP level 4. HP: 37/37 MP: 6/6
  1473 | D:2      | Found an ornate altar of the Wu Jian Council.
  1813 | D:3      | Noticed Terence
  1862 | D:2      | Killed Terence
  2154 | D:3      | Reached XP level 5. HP: 41/42 MP: 7/7
  2596 | D:3      | Reached *** piety under Lugonu
  2984 | D:3      | Reached skill level 1 in Maces & Flails
  3072 | D:3      | Found a bloodstained altar of Trog.
  3110 | D:3      | Reached XP level 6. HP: 49/49 MP: 8/8
  3482 | D:4      | Found a runed translucent door.
  3483 | D:4      | Noticed Crazy Yiuf
  3603 | D:4      | Killed from afar by an orc priest

Illustrated notes

Levels and vault maps discovered:
D:1:      lightli_molten_gateway, layout_rooms
D:2:      layout_basic, nzn_wu_jian_contemplation,
          nicolae_gozag_zags_fifth_avenue
D:3:      layout_basic, lightli_temple_of_fire, uniq_terence
D:4:      layout_cave_pools, nicolae_qazlal_style_of_elements,
          minmay_temple_entry_hall, uniq_crazy_yiuf_cottage

Skill      XL: |  1  2  3  4  5 |
---------------+----------------+-----
Axes           | 3 4 |  4.0
Invocations    | 3 |  3.9
Fighting       | 4 |  4.5
Maces & Flails | 1 |  1.6
Armour         | |  2.1
Dodging        | |  0.8

Action                   |  1- 3 |  4- 6 || total
-------------------------+-------+-------++-------
Melee: Hand axe          |    91 |   133 ||   224
       Whip              |       |    76 ||    76
 Abil: Dig               |     2 |     4 ||     6
  Use: Potion            |       |     2 ||     2
Armor: Leather armour    |    29 |       ||    29
       Ring mail         |    20 |    24 ||    44
       Scale mail        |       |    90 ||    90
Dodge: Dodged            |    62 |    98 ||   160
